 Dungeon Crawl Stone Soup version 0.16.1-51-g6203257 (webtiles) character file.

18361 Yawgmoth the Arsonist (level 12, -6/100 HPs)
             Began as a Naga Fire Elementalist on July 4, 2015.
             Was a High Priest of Vehumet.
             Mangled by a red ugly thing (20 damage)
             ... on level 12 of the Dungeon.
             The game lasted 02:51:59 (17698 turns).

Yawgmoth the Arsonist (Naga Fire Elementalist)     Turns: 17698, Time: 02:52:00

Health: -6/100     AC: 11    Str: 11    XL:     12   Next: 57%
Magic:  11/38      EV:  9    Int: 21    God:    Vehumet [*****.]
Gold:   368        SH:  0    Dex: 11    Spells: 5 memorised, 17 levels left

rFire  . . .     SeeInvis +     q - +3 longbow (flame)
rCold  . . .     Clarity  .     n - +0 leather armour
rNeg   + . .     SustAb   .     (no shield)
rPois  +         Gourm    .     (no helmet)
rElec  .         Spirit   .     y - +2 cloak {MR+}
rCorr  .         Warding  .     N - +2 pair of gloves
rMut   .         Stasis   .     (no barding)
MR     ++...                    J - amulet of faith (curse)
Stlth  ++........               T - ring of magical power
                                H - ring of positive energy

@: very slightly contaminated, hasted, quick, very resistant to hostile
enchantments, unstealthy
A: spit poison, see invisible, deformed body, poison resistance, slowness 2, AC
+4
a: Spit Poison, Renounce Religion


You were on level 12 of the Dungeon.
You worshipped Vehumet.
Vehumet was extremely pleased with you.
You were not hungry.

You visited 2 branches of the dungeon, and saw 13 of its levels.
You also visited: Ossuary.

You collected 737 gold pieces.
You spent 369 gold pieces at shops.

Inventory:

Hand weapons
 q - a +3 longbow of flaming (weapon)
 s - a +1 whip of electrocution
Missiles
 r - 13 arrows of frost
 t - 13 arrows of flame
 I - 103 arrows (quivered)
 X - 11 poisoned arrows
Armour
 n - a +0 leather armour (worn)
 y - a +2 cloak of magic resistance (worn)
 N - a +2 pair of gloves (worn)
Jewellery
 k - an uncursed amulet of resist mutation
 w - an uncursed ring of teleportation
 B - an uncursed ring of flight
 H - a ring of positive energy (left hand)
 J - a cursed amulet of faith (around neck)
 Q - a +3 ring of evasion
 T - a ring of magical power (right hand)
Magical devices
 a - a wand of confusion (47)
 F - a wand of disintegration (20)
 G - a wand of teleportation (5)
 M - a wand of hasting (0)
 S - a wand of enslavement (0)
 V - a wand of digging (0)
 Y - a wand of disintegration (7)
 Z - a wand of confusion (22)
Scrolls
 f - a scroll of magic mapping
 i - a scroll of amnesia
 j - 2 scrolls of remove curse
 u - 3 scrolls of identify
 v - 3 scrolls of recharging
 z - 3 scrolls of teleportation
 L - a scroll of enchant weapon
Potions
 d - 4 potions of brilliance
 e - 4 potions of curing
 h - 2 potions of resistance {unknown}
 l - a potion of berserk rage {unknown}
 m - 3 potions of restore abilities {unknown}
 o - 3 potions of cancellation {unknown}
 p - 2 potions of might
 A - 6 potions of poison {unknown}
 C - 2 potions of beneficial mutation {unknown}
 E - a potion of flight {unknown}
 K - a potion of cure mutation {unknown}
 O - a potion of mutation {unknown}
Books
 b - a book of Flames

   Spells                             Type                      Level
   a - Flame Tongue                   Conjuration/Fire             1
   b - Throw Flame                    Conjuration/Fire             2
   c - Conjure Flame                  Conjuration/Fire             3
   d - Inner Flame                    Hexes/Fire                   3
   e - Sticky Flame                   Conjuration/Fire             4
   f - Fireball                       Conjuration/Fire             5
Miscellaneous
 x - a legendary deck of defence
Comestibles
 c - 11 bread rations
 g - 4 beef jerkies
 D - 4 meat rations


   Skills:
 - Level 4.7 Fighting
 + Level 5.1 Bows
 - Level 1.6 Dodging
 - Level 3.1 Stealth
 - Level 9.4 Spellcasting
 - Level 9.1 Conjurations
 - Level 13.3 Fire Magic


You had 17 spell levels left.
You knew the following spells:

 Your Spells              Type           Power        Failure   Level  Hunger
a - Flame Tongue          Conj/Fire      #####        1%          1    None
b - Fireball              Conj/Fire      ######....   1%          5    #####..
c - Summon Butterflies    Summ           #.......     12%         1    None
d - Conjure Flame         Conj/Fire      ######..     1%          3    None
e - Searing Ray           Conj           #####.       1%          2    None


Dungeon Overview and Level Annotations

Branches:
Dungeon (12/15)            Temple (1/1) D:6            Lair (0/8) D:8
    Orc (0/4) D:9

Altars:
Ashenzari
Cheibriados
Dithmenos
Elyvilon
Fedhas
Gozag
Kikubaaqudgha
Makhleb
Nemelex Xobeh
Okawaru
Qazlal
Ru
Sif Muna
Trog
Vehumet
Xom
Yredelemnul
Zin
The Shining One

Shops:
D:6 [[!=*

Annotations:
D:7 2 runed doors


Innate Abilities, Weirdness & Mutations

You cannot wear boots.
You can spit poison.
Your serpentine skin is tough (AC +4).
You have supernaturally acute eyesight.
Armour fits poorly on your strangely shaped body.
Your system is resistant to poisons.
You cover ground very slowly.


Message History

The fireball explodes!
The fireball engulfs the slime creature.
You kill the slime creature!
Vehumet accepts your kill.
You feel your power returning.
You hear a horrible gurgling sound!
You start resting.
A red ugly thing comes into view.
A red ugly thing is nearby!
Evoke which item? (* to show all) (? for menu, Esc to quit)
Zapping:
M - a wand of hasting (1)
Press: ? - help, Shift-Dir - straight line, f - you You feel yourself speed up.
This wand has 0 charges left.
The red ugly thing closely misses you.
There is an open door here.
There is an open door here.
The red ugly thing tail-slaps you!
* * * LOW HITPOINT WARNING * * *
You are engulfed in flames!!
You die...

#..........# #..........#
#........<.+ +..........#
#..........# ####'####### #.## #
#..# ##'####### ####@######
########+
##........###...u.....###........
.'........'$#.........'.#........
##........#.#.........#.#).......
#........#.#.........#.).)......
#........#.#.........###..).....
#........#.#.........# #........
#........#.'.........# #........
######(#####.........# ####'####


You could see a red ugly thing.

Vanquished Creatures
  Nessos (D:11)
  Erolcha (D:10)
  2 unseen horrors (D:11)
  2 hill giants (D:10)
  Pikel (D:8)
  2 cyclopes
  3 ugly things
  Eustachio (D:8)
  3 trolls
  2 two-headed ogres
  A slime creature (D:12)
  2 basilisks (D:8)
  19 yaks
  2 wraiths
  2 wyverns
  2 hippogriffs
  2 deep elf magi
  A shadow (D:11)
  A hungry ghost (D:10)
  A wolf (D:9)
  2 porcupines (D:8)
  A soldier ant (D:10)
  2 water moccasins
  6 orc warriors
  12 ogres
  An ice beast (D:10)
  3 phantoms
  A wasp (D:8)
  A black bear (D:9)
  6 centaurs
  Sigmund (D:7)
  4 big kobolds
  3 crocodiles
  3 gnoll sergeants (D:9)
  9 giant frogs
  4 scorpions
  A killer bee (D:10)
  A water moccasin skeleton (D:10)
  3 jellies
  A crimson imp (D:10)
  5 orc priests
  3 centaur zombies
  4 giant frog skeletons
  8 hounds
  2 giant frog zombies
  2 goliath beetles
  Crazy Yiuf (D:2)
  A gnoll shaman (D:9)
  14 orc wizards
  5 worker ants
  3 centaur skeletons
  6 iguanas
  A killer bee zombie (D:11)
  A big kobold zombie (Ossuary)
  A hound skeleton (D:9)
  3 hound zombies
  5 mummies
  2 worker ant zombies
  11 gnolls
  6 river rats (D:8)
  15 adders
  4 worms
  A giant mite (D:5)
  An adder skeleton (D:8)
  9 giant geckos
  2 oozes
  57 orcs
  8 bats
  4 bat skeletons
  A bat zombie (D:5)
  8 giant cockroaches
  3 gnoll zombies (Ossuary)
  19 hobgoblins
  21 jackals
  7 quokkas
  3 giant newts
  8 goblins
  6 goblin zombies (Ossuary)
  3 hobgoblin zombies (Ossuary)
  4 jackal zombies (Ossuary)
  38 kobolds
  6 kobold zombies (Ossuary)
  3 orc zombies (Ossuary)
  2 quokka skeletons
  2 quokka zombies (Ossuary)
  16 rats
  3 rat zombies (Ossuary)
  4 ballistomycetes
458 creatures vanquished.

Vanquished Creatures (collateral kills)
  A mummy (D:9)
  A jackal (D:8)
2 creatures vanquished.

Vanquished Creatures (others)
  Edmund (D:8)
  A spriggan (D:8)
  4 slaves (D:8)
  An adder (D:8)
  3 river rats (D:8)
  A shadow imp (D:8)
  4 giant spores
  A rat (D:8)
  3 ballistomycetes (D:11)
  3 butterflies (D:12)
  2 plants (D:8)
24 creatures vanquished.

Grand Total: 484 creatures vanquished

Notes
Turn   | Place    | Note
--------------------------------------------------------------
     0 | D:1      | Yawgmoth, the Naga Fire Elementalist, began the quest for the Orb.
     0 | D:1      | Reached XP level 1. HP: 15/15 MP: 3/3
   199 | D:1      | Reached XP level 2. HP: 22/22 MP: 1/4
   788 | D:1      | Reached skill level 1 in Fighting
   815 | D:1      | Reached XP level 3. HP: 29/31 MP: 4/6
  1541 | D:2      | Reached XP level 4. HP: 38/38 MP: 5/8
  2451 | D:2      | Noticed Crazy Yiuf
  2465 | D:2      | Killed Crazy Yiuf
  2465 | D:2      | Reached XP level 5. HP: 27/45 MP: 4/9
  3242 | D:3      | Reached skill level 4 in Fire Magic
  3450 | D:4      | Found a sand-covered staircase.
  3465 | Ossuary  | Entered an ossuary
  3820 | Ossuary  | Reached XP level 6. HP: 47/52 MP: 7/13
  4680 | D:4      | Reached XP level 7. HP: 54/61 MP: 6/15
  4758 | D:4      | Reached skill level 5 in Fire Magic
  4779 | D:4      | Learned a level 5 spell: Fireball
  5468 | D:5      | Entered Level 5 of the Dungeon
  6038 | D:5      | Reached skill level 6 in Fire Magic
  6376 | D:5      | Reached XP level 8. HP: 69/69 MP: 16/18
  6652 | D:6      | Reached skill level 7 in Fire Magic
  6694 | D:6      | Found Pycyfayder's Antique Armour Emporium.
  6765 | D:6      | Reached skill level 5 in Spellcasting
  6807 | D:6      | Found Jelun's Armour Shoppe.
  6945 | D:6      | Found a glowing golden altar of the Shining One.
  7020 | D:6      | Found Goczegil's Jewellery Shop.
  7036 | D:6      | Found Upeqiq's Distillery.
  7047 | D:6      | Bought a potion of curing for 33 gold pieces
  7058 | D:6      | Found a staircase to the Ecumenical Temple.
  7066 | Temple   | Entered the Ecumenical Temple
  7216 | Temple   | Became a worshipper of Vehumet
  7264 | D:6      | Learned a level 1 spell: Summon Butterflies
  7595 | D:6      | Found Wuasur's Assorted Antiques.
  7603 | D:6      | Bought a thick runed staff for 336 gold pieces
  7785 | D:7      | Found a basalt altar of Yredelemnul.
  7791 | D:7      | Reached skill level 8 in Fire Magic
  8193 | D:7      | Found a runed door.
  8211 | D:7      | Reached XP level 9. HP: 69/75 MP: 15/21
  8219 | D:7      | Found a runed door.
  8664 | D:7      | Noticed Sigmund
  8670 | D:7      | Killed Sigmund
  8795 | D:7      | Reached skill level 5 in Conjurations
  9384 | D:8      | Noticed Pikel
  9399 | D:8      | Reached skill level 9 in Fire Magic
  9434 | D:8      | Killed Pikel
  9696 | D:8      | Acquired Vehumet's first power
  9696 | D:8      | Offered knowledge of Sandblast by Vehumet.
  9844 | D:8      | Learned a level 3 spell: Conjure Flame
  9884 | D:8      | Reached skill level 10 in Fire Magic
  9884 | D:8      | Reached XP level 10. HP: 68/84 MP: 24/24
  9992 | D:8      | Found a staircase to the Lair.
  9997 | D:8      | Killed Edmund
 10331 | D:8      | Noticed Eustachio
 10334 | D:8      | Killed Eustachio
 10555 | D:8      | Reached skill level 11 in Fire Magic
 10666 | D:8      | Offered knowledge of Freeze by Vehumet.
 11453 | D:9      | Offered knowledge of Searing Ray by Vehumet.
 11481 | D:9      | Learned a level 2 spell: Searing Ray
 11805 | D:8      | Reached XP level 11. HP: 90/90 MP: 22/27
 12283 | D:9      | Acquired Vehumet's second power
 12290 | D:9      | Offered knowledge of Dazzling Spray by Vehumet.
 12442 | D:9      | Found a staircase to the Orcish Mines.
 12505 | D:9      | Got an ichor-stained chain mail
 12647 | D:9      | Reached skill level 12 in Fire Magic
 12754 | D:9      | Identified the cursed -1 chain mail of the Engineer {rF- rC+ rN+ MR+} (You took it off a gnoll sergeant on level 9 of the Dungeon)
 13282 | D:10     | Entered Level 10 of the Dungeon
 13285 | D:10     | Acquired Vehumet's third power
 13514 | D:10     | Offered knowledge of Ignite Poison by Vehumet.
 13867 | D:10     | Noticed Erolcha
 13871 | D:10     | Killed Erolcha
 14700 | D:10     | Noticed a hill giant
 14706 | D:10     | Killed a hill giant
 15037 | D:10     | Found a stormy altar of Qazlal.
 15072 | D:10     | Noticed a hill giant
 15075 | D:10     | Killed a hill giant
 15281 | D:11     | Noticed an unseen horror
 15286 | D:11     | Killed an unseen horror
 15303 | D:11     | Noticed Nessos
 15693 | D:11     | Offered knowledge of Bolt of Draining by Vehumet.
 15844 | D:11     | Reached skill level 13 in Fire Magic
 15950 | D:11     | Reached XP level 12. HP: 99/99 MP: 24/29
 16035 | D:11     | Killed Nessos
 16420 | D:11     | Found a deep blue altar of Sif Muna.
 16592 | D:11     | Reached skill level 1 in Bows
 17606 | D:12     | Reached skill level 5 in Bows
 17617 | D:12     | HP: 2/100 [large slime creature (32)]
 17698 | D:12     | Mangled by a red ugly thing

Action                   |  1- 3 |  4- 6 |  7- 9 | 10-12 || total
-------------------------+-------+-------+-------+-------++-------
Melee: Short sword       |    10 |       |       |       ||    10
       Whip              |       |       |     1 |    13 ||    14
       Quarterstaff      |       |       |       |     5 ||     5
 Fire: Hunting sling     |    39 |   161 |    59 |       ||   259
       Shortbow          |       |       |   119 |   175 ||   294
       Longbow           |       |       |       |    43 ||    43
Throw: Tomahawk          |       |       |       |     7 ||     7
       Stone             |       |       |       |     6 ||     6
 Cast: Flame Tongue      |    47 |   147 |   222 |   236 ||   652
       Fireball          |       |       |     2 |   174 ||   176
       Conjure Flame     |       |       |     2 |    30 ||    32
       Summon Butterflie |       |       |     1 |     2 ||     3
       Searing Ray       |       |       |       |     2 ||     2
Evoke: Wand              |       |       |     4 |     9 ||    13
  Use: Scroll            |       |     1 |     4 |    19 ||    24
       Potion            |       |       |    10 |     6 ||    16
  Eat: Chunk             |     3 |     6 |     6 |    46 ||    61
       Fruit             |       |     1 |       |       ||     1
       Bread ration      |       |     1 |     2 |     4 ||     7
       Pizza             |       |     1 |       |     3 ||     4
